 Dungeon Crawl Stone Soup version 0.29-a0-323-g050149af67 (webtiles) character file.

Game seed: 2392406046329715401

202 Flugslaktarn the Stinger (level 6, -11/41 HPs)
             Began as a Human Venom Mage on Apr 10, 2022.
             Mangled by Menkaure (22 damage)
             ... on level 5 of the Dungeon.
             The game lasted 00:07:29 (1655 turns).

Flugslaktarn the Stinger (Human Venom Mage)         Turns: 1655, Time: 00:07:30

Health: -11/41     AC:  4    Str:  8    XL:     6   Next: 8%
Magic:  9/10       EV: 12    Int: 18    God:
Gold:   180        SH:  5    Dex: 19    Spells: 8/11 levels left

rFire   . . .      SeeInvis .   m - +0 dagger (venom)
rCold   . . .      Faith    .   (no shield)
rNeg    . . .      Spirit   .   a - +0 robe
rPois   .          Reflect  +   n - +0 helmet
rElec   .          Harm     .   (no cloak)
rCorr   .          Rampage  .   e - +0 pair of gloves
Will    .....                   (no boots)
Stlth   ++........              p - amulet of reflection
HPRegen 0.13/turn               f - +6 ring of dexterity
MPRegen 0.12/turn               (no ring)

@: mighty
A: no striking features
a: no special abilities


You were on level 5 of the Dungeon.
You visited 1 branch of the dungeon, and saw 5 of its levels.

You collected 180 gold pieces.

Inventory:

Hand Weapons
 c - a +0 dagger
   (You took it off a goblin on level 1 of the Dungeon)
 j - a +2 hand axe of freezing
   (You found it on level 1 of the Dungeon)
 k - a +0 quarterstaff
   (You found it on level 2 of the Dungeon)
 m - a +0 dagger of venom (weapon)
   (You took it off a kobold on level 3 of the Dungeon)
Missiles
 i - a throwing net
Armour
 a - a +0 robe (worn)
 e - a +0 pair of gloves (worn)
   (You found it on level 1 of the Dungeon)
 n - a +0 helmet (worn)
   (You found it on level 3 of the Dungeon)
 u - the +2 plate armour "Ebbua" {rElec rN+ Int-4}
   (You found it on level 4 of the Dungeon)

   Int:       It affects your intelligence (-4).
   rElec:     It insulates you from electricity.
   rN:        It protects you from negative energy.
Magical Staves
 s - a staff of earth
   (You found it on level 5 of the Dungeon)
Jewellery
 f - a +6 ring of dexterity (left hand)
   (You found it on level 5 of the Dungeon)
 h - an amulet of guardian spirit
   (You found it on level 4 of the Dungeon)
 p - an amulet of reflection (around neck)
   (You found it on level 3 of the Dungeon)
Scrolls
 g - a scroll of silence
 o - 2 scrolls of noise {unknown}
 t - 2 scrolls of teleportation
Potions
 b - a potion of magic
 l - a potion of ambrosia
 q - a potion of curing


   Skills:
 - Level 2.0 Dodging
 - Level 2.0 Stealth
 - Level 3.0 Spellcasting
 - Level 2.0 Transmutations
 + Level 5.4 Poison Magic


You had 8 spell levels left.
You knew the following spells:

 Your Spells              Type           Power      Damage    Failure   Level
a - Sting                 Tmut/Pois      64%        1d6       3%          1
b - Poisonous Vapours     Pois/Air       24%        N/A       9%          2

Your spell library contained the following spells:

 Spells                   Type           Power      Damage    Failure   Level
 Olgreb's Toxic Radiance  Pois           22%        N/A       17%         4
 Corpse Rot               Necr/Air       4%         N/A       24%         2
 Mephitic Cloud           Conj/Pois/Air  9%         N/A       24%         3


Dungeon Overview and Level Annotations

Branches:
Dungeon (5/15)
 Temple: D:4-7

Altars:
Ru

Shops:
D:2 [

Annotations:
D:5 Menkaure, Prince Ribbit, Sigmund


Message History

The endoplasm is lightly wounded.
The endoplasm quivers.
Casting: Sting (safe; 3% risk of failure)
Confirm with . or Enter, or press ? or * to list all spells.
Aiming: Sting (safe; 3% risk of failure)
Press: ? - help, Shift-Dir - straight line, f/p - endoplasm
Aim: an endoplasm (lightly wounded, 98% to hit)
The sting hits the endoplasm.
The endoplasm is poisoned.
The endoplasm is moderately wounded.
The endoplasm freezes you.
You are frozen.
Casting: Sting (safe; 3% risk of failure)
Confirm with . or Enter, or press ? or * to list all spells.
Aiming: Sting (safe; 3% risk of failure)
Press: ? - help, Shift-Dir - straight line, f/p - endoplasm
Aim: an endoplasm (heavily wounded, poisoned, 98% to hit)
The sting hits the endoplasm but does no damage.
The endoplasm looks even sicker.
The endoplasm is heavily wounded.
You block the endoplasm's attack.
You hit the endoplasm.
The endoplasm is heavily wounded.
The endoplasm barely misses you.
You hit the endoplasm but do no damage.
The endoplasm is heavily wounded.
The endoplasm hits you.
You hit the endoplasm but do no damage.
The endoplasm is heavily wounded.
The endoplasm hits you but does no damage.
You hit the endoplasm.
You kill the endoplasm!
g - 2 scrolls labelled EZAISEAWOY (gained 1)
As you read the scroll labelled EZAISEAWOY, it crumbles to dust.
A profound silence engulfs you.
It was a scroll of silence.
Unknown command.
There is a stone staircase leading up here.
You climb upwards.
There is a stone staircase leading down here.
A worm comes into view.
Your hearing returns.
You hit the worm.
The worm is poisoned.
The worm is lightly wounded.
The worm closely misses you.
You hit the worm but do no damage.
The worm is lightly wounded.
You hit the worm.
The worm is lightly wounded.
The worm bites you!
You hit the worm.
The worm looks as sick as possible!
The worm is lightly wounded.
The worm bites you.
You hit the worm.
The worm looks as sick as possible!
The worm is moderately wounded.
You hit the worm.
The worm looks as sick as possible!
The worm is severely wounded.
The worm bites you but does no damage.
You kill the worm!
There is a stone staircase leading down here.
You climb downwards.
There is a stone staircase leading up here.
Unknown command.
Found a sacrificial altar of Ru.
HP restored.
You see here 21 stones.
There is a stone staircase leading down here.
You climb downwards.
Level annotation: Menkaure, Prince Ribbit, Sigmund
There is a stone staircase leading up here.
Unknown command.
You see here 2 poisoned darts.
Menkaure shouts!
Menkaure screams, "Why can't you leave me to my rest?"
You aren't carrying any items that you can evoke.
Unknown command.
Okay, then.
Casting: Sting (safe; 3% risk of failure)
Confirm with . or Enter, or press ? or * to list all spells.
You can't see any susceptible monsters within range! (Use Z to cast anyway.) Unknown command.
Menkaure casts a spell.
Menkaure seems to speed up.
You feel very mighty all of a sudden.
Casting: Sting (safe; 3% risk of failure)
Confirm with . or Enter, or press ? or * to list all spells.
Aiming: Sting (safe; 3% risk of failure)
Press: ? - help, Shift-Dir - straight line, f - Menkaure
Aim: Menkaure (fast, 88% to hit)
The sting hits Menkaure.
Menkaure partially resists.
Menkaure is lightly damaged.
Menkaure casts a spell at you. Pain shoots through your body!
You hit Menkaure.
Menkaure is moderately damaged.
Menkaure hits you!!
* * * LOW HITPOINT WARNING * * *
You puncture Menkaure!
Menkaure is severely damaged.
Menkaure hits you!!
Ouch! That really hurt!
You die...

#.........# ###.........#
#####.....#######
.........(#########
..##..###..........
.....###......######
...................##.#
..######.#....###M....#.
.....)<...M...##@........
...####.##....##....#.#..
#.)# #M##..........# #
...# ..##.......#.##
.........#.....#.#.#
.........#.....#....
.........# ####....##
.......... ... .........


You could see Menkaure (fast).

Vanquished Creatures
  3 orc priests (D:5)
  A hound (D:5)
  3 adders
  An ufetubus (D:4)
  2 worms
  2 orcs
  6 endoplasms
  2 giant cockroaches (D:2)
  7 goblins
  3 hobgoblins
  A quokka (D:1)
  6 ball pythons
  4 bats
  A frilled lizard (D:2)
  4 kobolds
  3 rats
49 creatures vanquished.

Notes
Turn   | Place    | Note
-------+----------+-------------------------------------------
     0 | D:1      | Flugslaktarn the Human Venom Mage began the quest for the
                  | Orb.
     0 | D:1      | Reached XP level 1. HP: 13/13 MP: 3/3
   123 | D:1      | Reached XP level 2. HP: 10/19 MP: 0/5
   126 | D:1      | Learned a level 2 spell: Poisonous Vapours
   409 | D:1      | Reached XP level 3. HP: 10/24 MP: 4/6
   658 | D:2      | Found Vahyleepp's Antique Armour Boutique.
   681 | D:2      | Found a faded altar of an unknown god.
   978 | D:4      | Reached XP level 4. HP: 27/30 MP: 3/8
  1015 | D:4      | Noticed a black bear
  1055 | D:5      | Entered Level 5 of the Dungeon
  1067 | D:5      | Reached skill level 4 in Poison Magic
  1116 | D:4      | Reached XP level 5. HP: 28/35 MP: 2/9
  1225 | D:4      | Identified the +2 plate armour "Ebbua" {rElec rN+ Int-4}
  1306 | D:5      | Reached skill level 5 in Poison Magic
  1314 | D:5      | Reached XP level 6. HP: 27/41 MP: 2/10
  1325 | D:5      | Noticed Menkaure
  1326 | D:5      | Noticed Sigmund
  1343 | D:5      | Noticed Prince Ribbit
  1598 | D:4      | Found a sacrificial altar of Ru.
  1655 | D:5      | Mangled by Menkaure

Illustrated notes

Levels and vault maps discovered:
D:1:      ncdulo_smallfort, layout_loops_cross, serial_shops, shop
D:2:      layout_basic, serial_shops, nicolae_shop_trees,
          shapermc_ecumenical_altar_gd
D:3:      layout_loops_ring
D:4:      layout_basic, nicolae_ru_the_path_less_chosen, saegor_snake_ambush
D:5:      layout_rooms, nzn_wu_jian_contemplation, temple_hall, uniq_menkaure,
          uniq_prince_ribbit1, uniq_sigmund

Skill      XL: |  1  2  3  4  5 |
---------------+----------------+-----
Transmutations | 2 |  2.0
Spellcasting   | 3 |  3.0
Poison Magic   | 4 5 |  5.4
Dodging        | |  2.0
Stealth        | |  2.0

Action                   |  1- 3 |  4- 6 || total
-------------------------+-------+-------++-------
Melee: Unarmed           |    10 |       ||    10
       Dagger            |    23 |    38 ||    61
       Hand axe          |    10 |       ||    10
 Cast: Sting             |    44 |    41 ||    85
       Poisonous Vapours |       |     2 ||     2
  Use: Scroll            |     1 |     7 ||     8
       Potion            |       |     2 ||     2
 Stab: Sleeping          |     4 |       ||     4
Armor: Robe              |    12 |    12 ||    24
Dodge: Dodged            |    46 |    23 ||    69
Block: Other             |       |    15 ||    15

Table legend: (Time is in decaauts)
 A = Elapsed time spent in this place.
 B = Non-inter-level travel time spent in this place.
 C = Inter-level travel time spent in this place.
 D = Time resting spent in this place.
 E = Time spent auto-exploring this place.
 F = Levels seen in this place.
 G = Mean time per level.
                   A        B        C        D        E       F      G
               +--------+--------+--------+--------+--------+-----+--------+
         Total |   1667 |   1482 |    185 |      0 |      0 |   5 |  333.4 |
       Dungeon |   1667 |   1482 |    185 |      0 |      0 |   5 |  333.4 |
               +--------+--------+--------+--------+--------+-----+--------+

Top non-repeatable levels by time:
     D:4: 558 daAuts
     D:2: 422 daAuts
     D:1: 340 daAuts
     D:3: 194 daAuts
     D:5: 150 daAuts
